 Dungeon Crawl Stone Soup version 0.29-a0-791-ga0f254aafb (webtiles) character file.

Game seed: 12530176821471808710

140 Malachi the Slasher (level 5, 0/38 HPs)
             Began as a Demonspawn Gladiator on July 3, 2022.
             Slain by a goblin
             ... wielding a +0 club
              (1 damage)
             ... on level 3 of the Dungeon.
             The game lasted 00:03:28 (3845 turns).

Malachi the Slasher (Demonspawn Gladiator)          Turns: 3845, Time: 00:03:28

Health: 0/38       AC: 14    Str: 14    XL:     5   Next: 2%
Magic:  0/5        EV: 11    Int:  9    God:
Gold:   89         SH:  0    Dex: 17    Spells: 4/4 levels left

rFire   . . .      SeeInvis .   a - +0 long sword
rCold   . . .      Faith    .   (no shield)
rNeg    . . .      Spirit   +   n - +0 ring mail
rPois   .          Reflect  .   i - +2 helmet
rElec   +          Harm     .   v - +0 cloak
rCorr   .          Rampage  .   (no gloves)
Will    .....                   w - +0 pair of boots
Stlth   +.........              h - amulet of guardian spirit
HPRegen 0.12/turn               (no ring)
MPRegen 0.09/turn               (no ring)

@: no status effects
A: thin metallic scales 3
a: no special abilities


You were on level 3 of the Dungeon.
You visited 1 branch of the dungeon, and saw 4 of its levels.

You collected 89 gold pieces.

Inventory:

Hand Weapons
 a - a +0 long sword (weapon)
 o - the +8 mace of Gumouwk {elec, Fly rPois rF- rC+}
   (You found it on level 2 of the Dungeon)

   It occasionally discharges a powerful burst of electricity upon striking a
   foe.
   rF:        It makes you vulnerable to fire.
   rC:        It protects you from cold.
   rPois:     It protects you from poison.
   Fly:       It grants you flight.
Missiles
 d - 3 throwing nets (quivered)
 e - a javelin
Armour
 i - a +2 helmet (worn)
 n - a +0 ring mail (worn)
 v - a +0 cloak (worn)
 w - a +0 pair of boots (worn)
Jewellery
 h - an amulet of guardian spirit (around neck)
 j - a ring of fire
 m - a ring of willpower
 t - a ring of protection from fire
Scrolls
 b - 3 scrolls of identify
 c - 2 scrolls of teleportation
 g - a scroll of magic mapping {unknown}
 p - a scroll of amnesia {unknown}
 q - 2 scrolls of enchant weapon {unknown}
Potions
 f - a potion of heal wounds {unknown}
 k - a potion of might {unknown}
 l - 2 potions of curing {unknown}
 r - a potion of flight {unknown}
 s - a potion of lignification {unknown}
 u - 2 potions of brilliance {unknown}


   Skills:
 - Level 2.0 Fighting
 * Level 5.1 Long Blades
 - Level 1.7 Throwing
 - Level 2.7 Dodging
 + Level 0.8 Stealth


You had 4 spell levels left.
You didn't know any spells.
Your spell library was empty.

Dungeon Overview and Level Annotations

Branches:
Dungeon (4/15)
 Temple: D:4-7

Altars:
Qazlal
Sif Muna


Innate Abilities, Weirdness & Mutations

You are completely covered in thin metallic scales. (AC +4, rElec)


Message History

You hit the iguana but do no damage.
The iguana is moderately wounded.
The goblin hits you with a +0 club. The iguana barely misses you.
You closely miss the iguana.
The iguana is moderately wounded.
The goblin hits you but does no damage. The iguana bites you!
You are too injured to fight recklessly!
You are too injured to fight recklessly!
You are too injured to fight recklessly!
You hit the goblin but do no damage. The iguana barely misses you.
The goblin hits you but does no damage.
You barely miss the goblin. The goblin hits you but does no damage.
The iguana misses you.
You closely miss the goblin. The goblin hits you but does no damage.
The iguana bites you. The goblin hits you but does no damage.
The iguana barely misses you.
You barely miss the goblin. The goblin hits you but does no damage.
The iguana completely misses you.
You closely miss the goblin. The goblin misses you. The iguana bites you.
You barely miss the goblin. The goblin closely misses you.
The iguana bites you but does no damage.
The goblin hits you but does no damage. The iguana attacks as you move away!
The iguana barely misses you. The goblin hits you but does no damage.
The goblin attacks as you move away! The goblin hits you but does no damage.
The goblin closely misses you.
There is a stone staircase leading up here.
The goblin hits you but does no damage. The iguana bites you!
* * * LOW HITPOINT WARNING * * *
You climb upwards.
There is a stone staircase leading down here.
Unknown command.
As you read the scroll labelled FUSUMI FODEV, it crumbles to dust.
It is a scroll of identify.
c - 2 scrolls of teleportation The iguana bites you.
* * * LOW HITPOINT WARNING * * *
The goblin hits you with a +0 club. The goblin attacks as you move away!
The goblin hits you with a +0 club.
You die...

...####..######.#......##
..)...................##
.#.#######.####.#.....#
...### #.# #.#.....#
.....## #.####.#.....#
......## #............#
.......# ##.......#####
.......# #.......l>#
.......# #......@g.#
.......# #.........#
.......# #.........#
.......# #.........#
.......# ##.......##
.......# #.........#
.......# #.........#
.......# #.........#
......## #...).....#


You could see an iguana and a goblin.

Vanquished Creatures
  Jessica (D:3)
  4 adders
  A gnoll (D:1)
  3 worms
  2 dart slugs
  An orc (D:3)
  10 bats
  8 endoplasms
  A giant cockroach (D:3)
  3 goblins (D:1)
  7 hobgoblins
  A jackal (D:1)
  2 kobolds
  A quokka (D:3)
  3 ball pythons
  4 frilled lizards
  2 rats (D:1)
54 creatures vanquished.

Vanquished Creatures (others)
  7 fungi (D:4)
7 creatures vanquished.

Grand Total: 61 creatures vanquished

Notes
Turn   | Place    | Note
-------+----------+-------------------------------------------
     0 | D:1      | Malachi the Demonspawn Gladiator began the quest for the
                  | Orb.
     0 | D:1      | Reached XP level 1. HP: 16/16 MP: 1/1
   272 | D:1      | Reached skill level 3 in Long Blades
   398 | D:1      | Found a stormy altar of Qazlal.
   405 | D:1      | Gained mutation: You are partially covered in thin metallic
                  | scales. (AC +2) [demonic ancestry]
   405 | D:1      | Reached XP level 2. HP: 22/22 MP: 2/2
  1263 | D:1      | Gained mutation: You are mostly covered in thin metallic
                  | scales. (AC +3) [demonic ancestry]
  1263 | D:1      | Reached XP level 3. HP: 10/27 MP: 1/3
  1596 | D:1      | Found a faded altar of an unknown god.
  2154 | D:2      | Reached skill level 4 in Long Blades
  2382 | D:2      | Identified the +8 mace of Gumouwk {elec, Fly rPois rF- rC+}
  2404 | D:2      | Found a stormy altar of Qazlal.
  2587 | D:2      | Gained mutation: You are completely covered in thin
                  | metallic scales. (AC +4, rElec) [demonic ancestry]
  2587 | D:2      | Reached XP level 4. HP: 31/33 MP: 4/4
  2624 | D:2      | You fall into a shaft and drop 1 floor!
  3111 | D:3      | Noticed Jessica
  3130 | D:3      | Killed Jessica
  3131 | D:3      | Found a shimmering blue altar of Sif Muna.
  3204 | D:3      | Reached skill level 5 in Long Blades
  3397 | D:3      | Reached XP level 5. HP: 38/38 MP: 5/5
  3844 | D:3      | HP: 1/38 [iguana (5)]
  3845 | D:3      | Slain by a goblin

Illustrated notes

Levels and vault maps discovered:
D:1:      sevenhm_arrival_forest_fort_large_2, layout_basic,
          dreamdust_ecumenical_altar_statues, minmay_hexomino_r4
D:2:      layout_loops_cross, basic_altar
D:3:      layout_rooms, tgw_sif, eino_curves_02, chequers_serial_rivers_micro_c
D:4:      layout_rooms, serial_aquarium, aquarium_bridge_square
          [aquarium_subvault_bridge, aquarium_subvault_wall,
          aquarium_subvault_window, aquarium_subvault_bridge],
          aquarium_window_fake, aquarium_window_corridor_2, aquarium_view_2e,
          aquarium_pool_1, serial_shops, nicolae_lakefront_shop, uniq_natasha,
          uniq_pikel

Skill      XL: |  1  2  3  4 |
---------------+-------------+-----
Long Blades    | 3 4 5 |  5.1
Fighting       | |  2.0
Throwing       | |  1.7
Dodging        | |  2.7
Stealth        | |  0.8

Action                   |  1- 3 |  4- 6 || total
-------------------------+-------+-------++-------
Melee: Long sword        |   111 |    73 ||   184
       Punch             |     1 |       ||     1
  Use: Scroll            |       |     1 ||     1
 Stab: Sleeping          |     1 |       ||     1
Armor: Leather armour    |    29 |       ||    29
       Ring mail         |    19 |    35 ||    54
Dodge: Dodged            |    69 |    41 ||   110

Table legend: (Time is in decaauts)
 A = Elapsed time spent in this place.
 B = Non-inter-level travel time spent in this place.
 C = Inter-level travel time spent in this place.
 D = Time resting spent in this place.
 E = Time spent auto-exploring this place.
 F = Levels seen in this place.
 G = Mean time per level.
                   A        B        C        D        E       F      G
               +--------+--------+--------+--------+--------+-----+--------+
         Total |   3888 |   3624 |    264 |    587 |   2498 |   4 |  972.0 |
       Dungeon |   3888 |   3624 |    264 |    587 |   2498 |   4 |  972.0 |
               +--------+--------+--------+--------+--------+-----+--------+

Top non-repeatable levels by time:
     D:1: 2129 daAuts
     D:2: 988 daAuts
     D:3: 748 daAuts
     D:4: 21 daAuts
